 Dungeon Crawl Stone Soup version 0.30.0-29-ga12c61a403 (webtiles) character file.

Game seed: 15087600551191313796

60 McKennaii the Trooper (level 3, -1/29 HPs)
             Began as a Demonspawn Fighter on June 3, 2023.
             Slain by Grinder (2 damage)
             ... on level 3 of the Dungeon.
             The game lasted 00:01:15 (1596 turns).

McKennaii the Trooper (Demonspawn Fighter)          Turns: 1596, Time: 00:01:16

Health: -1/29      AC: 14    Str: 22    XL:     3   Next: 80%
Magic:  3/3        EV:  9    Int:  9    God:
Gold:   57         SH:  4    Dex: 12    Spells: 2/2 levels left

rFire   . . .        a - +0 trident
rCold   + . .        c - +0 buckler
rNeg    . . .        b - +0 scale mail
rPois   .            h - +2 hat of Fashionability {rC+ Str+4}
rElec   .            (no cloak)
rCorr   .            (no gloves)
SInv    .            (no boots)
Will    .....        (no amulet) Stlth
                     (no ring)
HPRegen 0.24/turn    (no ring)
MPRegen 0.08/turn

%: no passive effects
@: sanguine armoured
A: sanguine armour 1, demonic magic 1
a: no special abilities


You were on level 3 of the Dungeon.
You visited 1 branch of the dungeon, and saw 3 of its levels.

You collected 57 gold pieces.

Inventory:

Hand Weapons
 a - a +0 trident (weapon)
Armour
 b - a +0 scale mail (worn)
 c - a +0 buckler (worn)
 h - the +2 hat of Fashionability (worn) {rC+ Str+4}
   (You found it on level 2 of the Dungeon)

   Str:       It affects your strength (+4).
   rC:        It protects you from cold.
Scrolls
 e - a scroll of enchant armour {unknown}
 i - 2 scrolls of identify {unknown}
 j - a scroll of teleportation {unknown}
Potions
 d - 3 potions of might
 f - 2 potions of curing {unknown}
 g - a potion of magic {unknown}
 k - a potion of flight {unknown}


   Skills:
 + Level 3.5 Fighting
 + Level 2.3 Polearms
 + Level 3.1 Armour
 + Level 3.2 Shields


You had 2 spell levels left.
You didn't know any spells.
Your spell library was empty.

Dungeon Overview and Level Annotations

Branches:
Dungeon (3/15)

Altars:

Annotations:
D:3 Grinder


Innate Abilities, Weirdness & Mutations

When seriously injured, your blood forms armour. (AC +6)
Spells you cast may paralyse adjacent enemies.


Message History

Grinder hits you!
Your blood congeals into armour.
You writhe in agony.
You can move again.
Unknown command.
Unknown command.
You hit Grinder but do no damage.
Grinder is moderately wounded.
Grinder hits you.
You writhe in agony.
* * * LOW HITPOINT WARNING * * *
Unknown command.
You hit Grinder.
Grinder is moderately wounded.
You block Grinder's attack.
Unknown command.
You puncture Grinder!
Grinder is heavily wounded.
Grinder gestures at you.
You suddenly lose the ability to move!
Grinder hits you but does no damage.
You can move again.
Unknown command.
Unknown command.
You closely miss Grinder.
Grinder is heavily wounded.
Grinder gestures at you.
You shrug off the repeated paralysis!
You block Grinder's attack.
Unknown command.
You hit Grinder.
Grinder is severely wounded.
Grinder hits you!
* * * LOW HITPOINT WARNING * * *
Unknown command.
You closely miss Grinder.
Grinder is severely wounded.
Grinder hits you but does no damage.
Unknown command.
You barely miss Grinder.
Grinder is severely wounded.
Grinder says, "Just stop there for a second..."
Grinder hits you.
You die...

#.# #.# ###.#
..#.# #.#.#
#.#.# #.#5#
.. #.#@#
....##.#.#
.........#
#######.##
##.# #..#
##.##
##########..#
...........##


You could see Grinder.

Vanquished Creatures
  2 adders (D:2)
  A worm (D:3)
  7 ball pythons
  4 endoplasms
  A giant cockroach (D:1)
  2 goblins (D:2)
  3 hobgoblins
  5 bats
  4 frilled lizards
  8 kobolds
  A rat (D:2)
38 creatures vanquished.

Notes
Turn   | Place    | Note
-------+----------+-------------------------------------------
     0 | D:1      | McKennaii the Demonspawn Fighter began the quest for the
                  | Orb.
     0 | D:1      | Reached XP level 1. HP: 18/18 MP: 1/1
   274 | D:1      | Gained mutation: When seriously injured, your blood forms
                  | armour. (AC +6) [demonic ancestry]
   274 | D:1      | Reached XP level 2. HP: 24/24 MP: 2/2
   835 | D:2      | Identified the +2 hat of Fashionability {rC+ Str+4}
   880 | D:2      | Gained mutation: Spells you cast may paralyse adjacent
                  | enemies. [demonic ancestry]
   880 | D:2      | Reached XP level 3. HP: 26/29 MP: 3/3
  1479 | D:3      | Found a faded altar of an unknown god.
  1575 | D:3      | Noticed Grinder
  1585 | D:3      | Paralysed by Grinder for 4 turns
  1591 | D:3      | Paralysed by Grinder for 2 turns
  1594 | D:3      | HP: 1/29 [Grinder (7)]
  1596 | D:3      | Slain by Grinder

Illustrated notes

Levels and vault maps discovered:
D:1:      lemuel_arrival_room, layout_basic
D:2:      layout_basic, basic_altar
D:3:      layout_basic, trog_hazing_becter, gammafunk_ghost_abyssal_escape,
          chequers_ecumenical_altar_island, st_stairs_6, grunt_decor_resistance,
          chequers_serial_rivers_marsh, uniq_grinder

Skill      XL: |  1  2 |
---------------+-------+-----
Polearms       | 2 |  2.3
Armour         | 3 |  3.1
Shields        | 3 |  3.2
Fighting       | |  3.5

Action                     || total
---------------------------++-------
  Melee: Trident           ||   132
 Armour: Scale mail        ||    55
  Dodge: Dodged            ||    39
  Block: Buckler           ||    19
